 Dungeon Crawl Stone Soup version 0.22-a0-614-g34fbaa0 (webtiles) character file.

7242 EloyTheNewbi the Grappler (level 10, -8/94 HPs)
             Began as a Troll Chaos Knight on July 12, 2018.
             Mangled by a black mamba (18 damage)
             ... on level 1 of the Lair of Beasts.
             The game lasted 00:39:42 (6923 turns).

EloyTheNewbi the Grappler (Troll Chaos Knight)      Turns: 6923, Time: 00:39:44

Health: -8/94      AC: 11    Str: 20    XL:     10   Next: 88%
Magic:  10/10      EV: 14    Int:  8    God:    Xom [.*....]
Gold:   619        SH:  0    Dex: 12    Spells: 9/9 levels left

rFire    . . .     SeeInvis .     - Unarmed
rCold    . . .     Gourm    +   (no shield)
rNeg     + . .     Faith    .   a - +2 robe
rPois    +         Spirit   .   (helmet restricted)
rElec    .         Reflect  .   v - +1 cloak {rPois}
rCorr    .         Harm     +   (gloves unavailable)
MR       +....                  (boots unavailable)
Stlth    ++........             u - amulet of harm
HPRegen  0.65/turn              F - ring of positive energy
MPRegen  0.12/turn              l - ring of protection from magic

@: lethally poisoned (-8 -> -13)
A: large, unfitting armour, claws 3, icy blue scales 1, fast metabolism 3,
gourmand, regeneration 1, shaggy fur 1, tough skin 2, weak 1
a: Renounce Religion


You were on level 1 of the Lair of Beasts.
You worshipped Xom.
You were a plaything of Xom.
You were completely stuffed.

You visited 2 branches of the dungeon, and saw 9 of its levels.

You collected 619 gold pieces.

Inventory:

Missiles
 o - 173 stones (quivered)
Armour
 a - a +2 robe (worn)
 v - a +1 cloak of poison resistance (worn)
Jewellery
 j - an uncursed ring of flight
 l - a ring of protection from magic (right claw)
 u - an amulet of harm (around neck)
 F - a ring of positive energy (left claw)
Wands
 y - a wand of enslavement (9)
 z - a wand of flame (16)
 B - a wand of random effects (25)
 D - a wand of digging (7)
 E - a wand of iceblast (4)
Scrolls
 f - 2 scrolls of amnesia
 k - 3 scrolls of teleportation
 n - 2 scrolls of fog
 q - a scroll of blinking
 t - a scroll of fear
 w - 4 scrolls of remove curse
Potions
 c - a potion of haste {unknown}
 d - a potion of flight {unknown}
 g - a potion of resistance {unknown}
 i - a potion of magic {unknown}
 p - 2 potions of curing
 r - a potion of might {unknown}
 s - 4 potions of brilliance
 x - a potion of invisibility {unknown}
 A - a potion of mutation {unknown}
 C - a potion of degeneration {unknown}
Comestibles
 b - 24 rations
 h - a chunk of flesh


   Skills:
 + Level 4.3 Fighting
 + Level 0.5 Throwing
 * Level 9.1 Dodging
 + Level 1.4 Stealth
 + Level 11.6 Unarmed Combat
 + Level 2.5 Evocations


You had 9 spell levels left.
You didn't know any spells.
Your spell library was empty.

Dungeon Overview and Level Annotations

Branches:
Dungeon (8/15)             Temple (0/1) D:7            Lair (1/6) D:8

Altars:
Cheibriados
Fedhas
Okawaru
Ru
Sif Muna
Xom

Shops:
D:4 =


Innate Abilities, Weirdness & Mutations

You are too large for most types of armour.
You have claws for hands.
Your metabolism is lightning-fast.
You like to eat raw meat.
Your natural rate of healing is unusually fast.
You are covered in fur. (AC +1)
You have very tough skin. (AC +2)
You are partially covered in icy blue scales. (AC +2)
You are weak. (Str -2)


Message History

You feel sick. The black mamba bites you.
* * * LOW HITPOINT WARNING * * *
The bullfrog hits you.
* * * LOW HITPOINT WARNING * * *
The black mamba closely misses you.
The water moccasin bites your crimson imp but does no damage.
You feel sick.
Your crimson imp misses the water moccasin.
The water moccasin barely misses your crimson imp.
The bullfrog misses you.
Okay, then.
You feel better. The black mamba bites you!
* * * LOW HITPOINT WARNING * * *
You are poisoned.
The black mamba poisons you!
The adder bites your crimson imp but does no damage.
The water moccasin bites your crimson imp.
The black mamba bites you!
You die...
Xom roars with laughter!

#.............. ..>. #.
#................... #.
#.................. ..
#................. #.
##.................
##.##..................
#P.................)...
##.......5S..........#
#......@SS....P....#
#####...FS.........#
##.####.######## ###
###


You could see a black mamba, a water moccasin, a bullfrog, 2 adders and a
friendly crimson imp.

Vanquished Creatures
  A two-headed ogre (D:8)
  A black mamba (Lair:1)
  A spiny frog (Lair:1)
  A komodo dragon (Lair:1)
  The ghost of Yazari the Summoner, a novice BaSu of Cheibriados (D:6)
  A hippogriff (D:6)
  Sigmund (D:6)
  2 hogs (D:7)
  2 wargs (D:8)
  Duvessa (D:7)
  2 porcupines (Lair:1)
  2 water moccasins (Lair:1)
  2 orc warriors
  2 sky beasts
  An ice beast (D:5)
  An eye of draining (D:8)
  3 ogres
  A necrophage (D:5)
  2 centaurs (D:7)
  A crocodile (Lair:1)
  A big kobold (D:8)
  Blork the orc (D:5)
  9 bullfrogs
  A gnoll sergeant (D:8)
  A scorpion (D:6)
  Dowan (D:7)
  5 wights (D:6)
  5 killer bees (D:7)
  A spectral bullfrog (D:6)
  7 howler monkeys
  3 crimson imps
  A quasit (D:6)
  2 hounds
  A jelly (D:7)
  3 orc priests (D:8)
  Crazy Yiuf (D:3)
  8 orc wizards
  2 iguanas
  3 worker ants
  2 bullfrog simulacra (D:6)
  A spectral hound (D:6)
  15 adders
  15 gnolls
  3 shadow imps
  2 oozes
  2 adder zombies
  4 adder skeletons
  9 worms
  3 dart slugs (D:2)
  6 leopard geckos
  25 orcs
  2 giant cockroaches
  10 goblins
  7 hobgoblins
  13 jackals
  3 quokkas
  3 ball pythons
  7 bats
  3 frilled lizards
  A jackal zombie (D:5)
  15 kobolds
  3 rats
  A bush (Lair:1)
  4 fungi (Lair:1)
244 creatures vanquished.

Vanquished Creatures (collateral kills)
  Prince Ribbit (D:5)
  A yak (D:7)
  Eustachio (D:5)
  A human (D:7)
  A hog (D:7)
5 creatures vanquished.

Vanquished Creatures (others)
  A fungus (Lair:1)
1 creature vanquished.

Grand Total: 250 creatures vanquished

Notes
Turn   | Place    | Note
-------+----------+-------------------------------------------
     0 | D:1      | EloyTheNewbi the Troll Chaos Knight began the quest for the Orb.
     0 | D:1      | Reached XP level 1. HP: 22/22 MP: 0/0
    10 | D:1      | XOM: divination: magic mapping
   155 | D:1      | Reached XP level 2. HP: 27/29 MP: 1/1
   169 | D:1      | XOM: divination: magic mapping
   516 | D:1      | XOM: noise
   609 | D:2      | XOM: noise
   613 | D:2      | Reached XP level 3. HP: 36/36 MP: 2/2
   872 | D:2      | Reached XP level 4. HP: 39/45 MP: 3/3
  1150 | D:2      | XOM: harmless Tloc miscast
  1156 | D:2      | XOM: severe Chrm miscast
  1156 | D:2      | Paralysed by the severe capriciousness of Xom for 7 turns
  1317 | D:3      | XOM: mild Tloc miscast
  1359 | D:3      | Reached skill level 4 in Unarmed Combat
  1364 | D:3      | XOM: confusion (+ monsters)
  1396 | D:3      | XOM: noise
  1414 | D:3      | Reached XP level 5. HP: 50/53 MP: 4/4
  1424 | D:3      | XOM: noise
  1471 | D:3      | XOM: draining
  1537 | D:3      | XOM: mild Pois miscast
  1595 | D:3      | Found a deep blue altar of Sif Muna.
  1662 | D:3      | Found a blossoming altar of Fedhas.
  1748 | D:3      | XOM: give mutations
  1748 | D:3      | Gained mutation: You are partially covered in icy blue scales. (AC +2) [Xom's mischief]
  1748 | D:3      | Gained mutation: You are weak. (Str -2) [Xom's mischief]
  2006 | D:3      | Found a runed door.
  2010 | D:3      | Noticed Crazy Yiuf
  2014 | D:3      | Killed Crazy Yiuf
  2014 | D:3      | Reached XP level 6. HP: 61/61 MP: 5/5
  2090 | D:4      | XOM: harmless Hex miscast
  2094 | D:4      | Reached skill level 5 in Unarmed Combat
  2284 | D:4      | XOM: medium Ice miscast
  2311 | D:4      | XOM: medium Tmut miscast
  2318 | D:4      | XOM: enchant monster (bad)
  2323 | D:4      | XOM: divination: detect creatures
  2324 | D:4      | XOM: 1-stop teleportation journey
  2587 | D:4      | Found Dedemaem's Jewellery Shop.
  2795 | D:5      | Entered Level 5 of the Dungeon
  2799 | D:5      | XOM: give mutation
  2888 | D:5      | Noticed an ice beast
  2889 | D:5      | XOM: summons 3 hostile demons
  2920 | D:5      | XOM: enchant monster (bad)
  2930 | D:5      | XOM: swap monsters
  2938 | D:5      | XOM: mild Conj miscast
  2942 | D:5      | Killed an ice beast
  2942 | D:5      | Reached XP level 7. HP: 50/67 MP: 6/6
  3047 | D:5      | Noticed Blork the orc
  3051 | D:5      | XOM: confusion (+ monsters)
  3062 | D:5      | Killed Blork the orc
  3062 | D:5      | Reached skill level 6 in Unarmed Combat
  3120 | D:5      | Reached skill level 5 in Dodging
  3567 | D:5      | XOM: noise
  3630 | D:5      | XOM: noise
  3739 | D:6      | Noticed Prince Ribbit
  3740 | D:6      | XOM: mild Fire miscast
  3742 | D:6      | Noticed Eustachio
  3750 | D:6      | XOM: summons friendly shadow imp
  3777 | D:6      | XOM: summons friendly ufetubus
  3779 | D:6      | XOM: scenery: create altars
  3786 | D:5      | Killed Eustachio
  3786 | D:5      | Reached XP level 8. HP: 44/74 MP: 7/7
  3791 | D:5      | Killed Prince Ribbit
  3791 | D:5      | Reached skill level 7 in Unarmed Combat
  3900 | D:6      | Found a runed gate.
  3900 | D:6      | Found a runed gate.
  4120 | D:6      | Found a snail-covered altar of Cheibriados.
  4186 | D:6      | Noticed Sigmund
  4201 | D:6      | Killed Sigmund
  4227 | D:6      | Found a runed gate.
  4228 | D:6      | Noticed Yazari's ghost (novice BaSu)
  4250 | D:6      | XOM: god gift: wand of random effects (35)
  4277 | D:6      | Killed Yazari's ghost
  4277 | D:6      | Reached skill level 8 in Unarmed Combat
  4351 | D:6      | Reached XP level 9. HP: 75/82 MP: 8/8
  4429 | D:6      | Reached skill level 1 in Stealth
  4572 | D:6      | Reached skill level 9 in Unarmed Combat
  4855 | D:7      | Found an iron altar of Okawaru.
  4947 | D:7      | XOM: destruction
  5021 | D:7      | Noticed Dowan
  5023 | D:7      | Noticed Duvessa
  5025 | D:7      | Killed Dowan
  5035 | D:7      | Killed Duvessa
  5069 | D:7      | XOM: scenery: create altars
  5383 | D:7      | Found a staircase to the Ecumenical Temple.
  5398 | D:7      | Reached skill level 10 in Unarmed Combat
  5742 | D:7      | XOM: cast spell 'Death Channel'
  5748 | D:7      | XOM: summons 4 friendly demons
  5750 | D:7      | Reached XP level 10. HP: 23/91 MP: 9/9
  6003 | D:8      | Found a staircase to the Lair.
  6003 | D:8      | Noticed a two-headed ogre
  6074 | D:8      | XOM: divination: detect creatures
  6078 | D:8      | XOM: confuse monster(s)
  6092 | D:8      | XOM: summons friendly crimson imp
  6099 | D:8      | Killed a two-headed ogre
  6099 | D:8      | Reached skill level 1 in Evocations
  6113 | D:8      | XOM: scenery: create altars
  6134 | D:8      | XOM: enchant monster (good)
  6176 | D:8      | XOM: cleaving
  6367 | D:8      | XOM: cloud trail
  6382 | D:8      | Found a sacrificial altar of Ru.
  6451 | Lair:1   | Entered Level 1 of the Lair of Beasts
  6468 | Lair:1   | Reached skill level 11 in Unarmed Combat
  6700 | Lair:1   | Noticed a black mamba
  6707 | Lair:1   | XOM: summons 6 friendly demons
  6708 | Lair:1   | Killed a black mamba
  6863 | Lair:1   | Noticed a spiny frog
  6866 | Lair:1   | Noticed a black mamba
  6869 | Lair:1   | Killed a spiny frog
  6873 | Lair:1   | XOM: enchant monster (good)
  6877 | Lair:1   | XOM: 3-stop teleportation journey
  6903 | Lair:1   | XOM: swap monsters
  6907 | Lair:1   | XOM: swap monsters
  6911 | Lair:1   | XOM: summons friendly crimson imp
  6918 | Lair:1   | XOM: noise
  6923 | Lair:1   | Mangled by a black mamba

Vault maps used:
D:1:      scummos_arrival_gate
D:2:      minmay_wonky_spiral, minmay_hexomino_u4
D:3:      lemuel_round_altar, fedhas_altar_4, uniq_crazy_yiuf_cottage
D:4:      serial_shops, shop
D:5:      first_ration, uniq_blork_the_orc
D:6:      minmay_cornered_nines, nicolae_overflow_crystal_walls,
          gammafunk_ghost_necromancy, uniq_prince_ribbit1, uniq_eustachio,
          uniq_sigmund
D:7:      minmay_temple_entry_butterflies, grunt_livestock,
          okawaru_altar_gauntlet_db, uniq_duvessa
D:8:      kennysheep_mini, erik_lair_orcish_takeover, serial_shops, shop_coins,
          uniq_psyche
Lair:1:   minmay_guarded_unrand_snakebite, beast_lair_carwin_10,
          infiniplex_staircase_pool_2

Skill      XL: |  1  2  3  4  5  6  7  8  9 10 |
---------------+-------------------------------+-----
Dodging        | 2 3 4 5 6 8 9 |  9.1
Fighting       | 3 4 |  4.3
Unarmed Combat | 4 5 6 8 10 11 | 11.6
Stealth        | 1 |  1.4
Evocations     | 2 |  2.5
Throwing       | |  0.5

Action                   |  1- 3 |  4- 6 |  7- 9 | 10-12 || total
-------------------------+-------+-------+-------+-------++-------
Melee: Unarmed           |   101 |   187 |   344 |   145 ||   777
       Punch             |     1 |     2 |    11 |     7 ||    21
Throw: Stone             |       |     6 |       |       ||     6
Evoke: Wand              |       |       |    11 |    23 ||    34
  Use: Scroll            |     4 |     5 |     5 |     1 ||    15
       Potion            |       |     3 |       |     5 ||     8
 Stab: Sleeping          |       |     1 |       |       ||     1
       Confused          |       |       |     1 |       ||     1
  Eat: Chunk             |    13 |    19 |    24 |    13 ||    69
Armor: Robe              |    68 |    94 |   146 |    59 ||   367
       Skin              |       |       |       |    19 ||    19
Dodge: Dodged            |    64 |   112 |   231 |   101 ||   508

Table legend:
 A = Spawn XP
 B = Non-spawn XP
 C = Spawn XP percentage of total XP
 D = Spawn monster count
 E = Non-spawn monster count
 F = Spawn count percentage of total count
 G = Total turns spent on level
                    A         B        C        D         E        F      G
               +---------+---------+-------+---------+---------+-------+---------
         Total |       0 |   10346 |   0.0 |       0 |     244 |   0.0 |  6923
               +---------+---------+-------+---------+---------+-------+---------
           D:1 |       0 |      26 |   0.0 |       0 |      13 |   0.0 |   600
           D:2 |       0 |      97 |   0.0 |       0 |      26 |   0.0 |   686
           D:3 |       0 |     259 |   0.0 |       0 |      40 |   0.0 |   769
           D:4 |       0 |     264 |   0.0 |       0 |      10 |   0.0 |   740
           D:5 |       0 |     940 |   0.0 |       0 |      31 |   0.0 |   992
           D:6 |       0 |    2115 |   0.0 |       0 |      43 |   0.0 |   962
           D:7 |       0 |    2041 |   0.0 |       0 |      39 |   0.0 |  1277
           D:8 |       0 |    2209 |   0.0 |       0 |      27 |   0.0 |   425
        Lair:1 |       0 |    2395 |   0.0 |       0 |      15 |   0.0 |   472
               +---------+---------+-------+---------+---------+-------+---------
